 Dungeon Crawl Stone Soup version 0.28.0-45-g0d030f2227 (webtiles) character file.

Game seed: 4234805729859214041

870 Saba the Shooter (level 8, -10/49 HPs)
             Began as a Gargoyle Hunter on Apr 8, 2022.
             Mangled by Duvessa
             ... wielding a +0 rapier
              (19 damage)
             ... on level 4 of the Dungeon.
             The game lasted 00:11:39 (6360 turns).

Saba the Shooter (Gargoyle Hunter)                  Turns: 6360, Time: 00:11:41

Health: -10/49     AC: 13    Str: 18    XL:     8   Next: 3%
Magic:  8/8        EV: 11    Int: 12    God:
Gold:   135        SH:  0    Dex: 10    Spells: 7/7 levels left

rFire   . . .      SeeInvis .   a - +1 shortbow
rCold   . . .      Faith    .   (shield currently unavailable)
rNeg    + . .      Spirit   .   g - +0 ring mail
rPois   ∞          Reflect  .   l - +1 helmet
rElec   +          Harm     .   (no cloak)
rCorr   .          Rampage  .   (no gloves)
Will    .....                   (no boots)
Stlth   +.........              (no amulet)
HPRegen 0.16/turn               f - ring of wizardry
MPRegen 0.11/turn               (no ring)

@: weak-willed
A: sickness immunity, AC +5, negative energy resistance 1, electricity
resistance, torment resistance 1, petrification resistance
a: no special abilities


You were on level 4 of the Dungeon.
You visited 1 branch of the dungeon, and saw 4 of its levels.

You collected 135 gold pieces.

Inventory:

Hand Weapons
 a - a +1 shortbow (weapon)
 c - a +1 flail of protection
Missiles
 d - 67 arrows (quivered ammo)
Armour
 g - a +0 ring mail (worn)
 l - a +1 helmet (worn)
Jewellery
 f - a ring of wizardry (left hand)
Scrolls
 b - a scroll of identify
Potions
 j - a potion of flight


   Skills:
 + Level 5.2 Fighting
 + Level 5.9 Bows
 + Level 4.5 Armour
 + Level 3.9 Dodging
 - Level 1.1 Stealth


You had 7 spell levels left.
You didn't know any spells.
Your spell library contained the following spells:

 Spells                   Type           Power      Damage    Failure   Level
 Freeze                   Ice            0%         1d3       22%         1
 Frozen Ramparts          Ice            0%         1d2       52%         3
 Hailstorm                Conj/Ice       0%         3d3       89%         4


Dungeon Overview and Level Annotations

Branches:
Dungeon (4/15)
 Temple: D:4-7

Altars:
Qazlal
Uskayaw

Shops:
D:3 (

Annotations:
D:4 Duvessa


Innate Abilities, Weirdness & Mutations

You are immune to sickness and miasma.
Your stone body is resilient. (AC +5)
You are immune to poison.
You resist negative energy. (rN+)
You are resistant to electric shocks. (rElec)
You are resistant to unholy torment.
You are immune to petrification.


Message History

Your ball python bites Duvessa but does no damage.
Your ball python grabs Duvessa.
Your ball python constricts Duvessa.
Duvessa hits your ball python with a +0 rapier!
Your ball python dies!
Your ball python's corpse dissolves into shadows!
Your adder bites Duvessa but does no damage.
There is an open door here.
Duvessa hits something with a +0 rapier!
Which direction?
As you close the door, it creaks loudly!
You hear a shout!
You hear a shout!
Duvessa breaks down the door.
There is an open door here.
Which direction?
You close the door.
You hear a shout! x2
Something unseen breaks down the door.
There is an open door here.
Okay, then.
Okay, then.
Fire: 70 arrows
Press: ? - help, Q - select action Shift-Dir - straight line, f/p - Duvessa
Aim: Duvessa, wielding a +0 rapier and wearing a +0 chain mail (berserk, inner flame, weak-willed, 72% to hit)
You shoot an arrow. The arrow hits Duvessa!
Flame seeps out of Duvessa.
Duvessa is lightly wounded.
Duvessa is engulfed in blazing flames.
Flame seeps out of Duvessa.
Duvessa barely misses you.
Fire: 69 arrows
Press: ? - help, Q - select action Shift-Dir - straight line, f/p - Duvessa
Aim: Duvessa, wielding a +0 rapier and wearing a +0 chain mail (moderately wounded, berserk, inner flame, weak-willed, 72% to hit)
You shoot an arrow. The arrow barely misses Duvessa.
Duvessa hits you with a +0 rapier!
* * * LOW HITPOINT WARNING * * *
Fire: 68 arrows
Press: ? - help, Q - select action Shift-Dir - straight line, f/p - Duvessa
Aim: Duvessa, wielding a +0 rapier and wearing a +0 chain mail (moderately wounded, berserk, inner flame, weak-willed, 72% to hit)
You shoot an arrow. The arrow barely misses Duvessa.
Duvessa hits you with a +0 rapier!!
You die...

##.....#........# #...#....## #..
#.....#........# #.........# #(#
#....†#........# #.........# #(#
###.........#### #.........# #)#
#######...####### #.........# #(#
#..#..'...'..#..# ##........# #.#
#..#..#...#..#..# #...|....# #.#
#'#####...#####÷######...#### #.#
'†....#)..#.....@..#...<.### #.#
#.....#...#.....#e.#.......# #z#
#.....'...'.....##°#.....z.# #.#
#.....#...#..)..#..####....####.#
'.....#...#..(..'..#.......'....#
#'#####...#####'####..#....######
#..#..#...#..#..#.....#....#
#..#..'...'..#..#.... #....#
#######...#######.... ######


You could see Duvessa (berserk, inner flame, weak-willed).

Vanquished Creatures
  Sigmund (D:2)
  A sky beast (D:3)
  A phantom (D:4)
  A scorpion (D:4)
  Dowan (D:4)
  2 wights (D:4)
  A hound (D:4)
  An orc priest (D:3)
  Jessica (D:2)
  An iguana (D:4)
  An orc wizard (D:3)
  Robin (D:4)
  11 adders
  A white imp (D:4)
  An adder skeleton (D:4)
  2 worms
  2 dart slugs (D:1)
  8 orcs (D:3)
  5 bats
  4 endoplasms
  A giant cockroach (D:1)
  14 goblins
  6 hobgoblins
  4 jackals (D:1)
  A quokka (D:2)
  12 ball pythons
  5 frilled lizards
  6 kobolds
  9 rats
105 creatures vanquished.

Notes
Turn   | Place    | Note
-------+----------+-------------------------------------------
     0 | D:1      | Saba the Gargoyle Hunter began the quest for the Orb.
     0 | D:1      | Reached XP level 1. HP: 12/12 MP: 1/1
   197 | D:1      | Reached XP level 2. HP: 18/18 MP: 2/2
   561 | D:1      | Reached skill level 1 in Armour
   955 | D:1      | Reached XP level 3. HP: 17/22 MP: 3/3
  1785 | D:2      | Found a hide-covered altar of Uskayaw.
  1840 | D:2      | Noticed Sigmund
  2127 | D:2      | Reached XP level 4. HP: 26/28 MP: 4/4
  2174 | D:2      | Noticed Jessica
  2187 | D:2      | Killed Jessica
  2554 | D:2      | Killed Sigmund
  2555 | D:2      | Reached XP level 5. HP: 25/33 MP: 5/5
  2555 | D:2      | Reached XP level 6. HP: 29/38 MP: 6/6
  2760 | D:2      | Reached skill level 5 in Bows
  2875 | D:3      | Noticed a sky beast
  2898 | D:3      | Killed a sky beast
  3483 | D:3      | HP: 1/39 [something/magic dart (2)]
  3493 | D:3      | Reached XP level 7. HP: 3/44 MP: 7/7
  3971 | D:3      | Found Nidydgh's Antique Weapon Shoppe.
  4270 | D:3      | Found a faded altar of an unknown god.
  4558 | D:4      | Found a stormy altar of Qazlal.
  4988 | D:4      | Noticed Robin
  5001 | D:4      | Killed Robin
  5363 | D:4      | Reached skill level 5 in Fighting
  5813 | D:4      | Noticed Dowan
  5815 | D:4      | Noticed Duvessa
  6117 | D:4      | Killed Dowan
  6118 | D:4      | Reached XP level 8. HP: 25/49 MP: 8/8
  6360 | D:4      | Mangled by Duvessa

Illustrated notes

Levels and vault maps discovered:
D:1:      sevenhm_arrival_forest_fort_small_5, layout_rooms, minivault_4,
          st_stairs_6
D:2:      layout_basic, basic_altar, uniq_sigmund, uniq_jessica
D:3:      layout_basic, serial_shops, shop_fountains,
          dreamdust_ecumenical_altar_sealed_demon, chequers_serial_rivers_room_a
D:4:      layout_basic, overflow_temple_1_default, minmay_snake_closets,
          uniq_robin, uniq_duvessa

Skill      XL: |  1  2  3  4  5  6  7 |
---------------+----------------------+-----
Armour         | 1 2 3 4 |  4.5
Dodging        | 2 3 |  3.9
Fighting       | 3 4 5 |  5.2
Bows           | 5 |  5.9
Stealth        | |  1.1

Action                   |  1- 3 |  4- 6 |  7- 9 || total
-------------------------+-------+-------+-------++-------
Melee: Short sword       |   171 |    88 |       ||   259
       Flail             |       |    37 |   131 ||   168
       Punch             |       |     1 |     2 ||     3
       Shortbow          |       |     1 |       ||     1
 Fire: Shortbow          |     1 |    47 |    58 ||   106
  Use: Potion            |       |     6 |     2 ||     8
       Scroll            |       |       |     6 ||     6
Armor: Leather armour    |    43 |       |       ||    43
       Ring mail         |    14 |    63 |    90 ||   167
       Skin              |       |    22 |       ||    22
Dodge: Dodged            |   109 |    80 |   134 ||   323
